 Dungeon Crawl Stone Soup version 0.19.0-2-gae57169 (webtiles) character file.

12709 pandaman124 the Agent of Entropy (level 11, 0/94 HPs)
             Began as a Hill Orc Abyssal Knight on Nov 3, 2016.
             Was a Priest of Lugonu.
             Slain by a wraith (9 damage)
             ... on level 12 of the Dungeon.
             The game lasted 00:42:13 (16621 turns).

pandaman124 the Agent of Entropy (HOAK)            Turns: 16621, Time: 00:42:13

Health: 0/94       AC: 11    Str: 19    XL:     11   Next: 97%
Magic:  0/29       EV: 17    Int: 12    God:    Lugonu [***...]
Gold:   422        SH:  0    Dex: 10    Spells: 0 memorised, 10 levels left

rFire  + . .     SeeInvis .     a - +4 falchion
rCold  . . .     Gourm    .     u - +5 ring mail {rF+}
rNeg   . . .     Faith    .     (no shield)
rPois  .         Spirit   +     (no helmet)
rElec  .         Reflect  .     (no cloak)
rCorr  .         Harm     .     (no gloves)
MR     .....     Rnd*Rage +     (no boots)
Stlth  ..........               e - amulet of guardian spirit
                                v - ring of magical power
                                d - +4 ring of evasion

@: no status effects
A: berserk 1, blurry vision 1, frail 1
a: Depart the Abyss, Bend Space, Banish, Renounce Religion


You were on level 12 of the Dungeon.
You worshipped Lugonu.
Lugonu was most pleased with you.
You were near starving.

You visited 2 branches of the dungeon, and saw 13 of its levels.
You visited the Abyss 1 time.
You also visited: Sewer.

You collected 462 gold pieces.
You spent 40 gold pieces at shops.

Inventory:

Hand Weapons
 a - a +4 falchion (weapon)
Armour
 u - a +5 ring mail of fire resistance (worn)
Jewellery
 d - a +4 ring of evasion (left hand)
 e - an amulet of guardian spirit (around neck)
 v - a ring of magical power (right hand)
Wands
 b - a wand of enslavement (9/24)
 x - a wand of teleportation (0/9)
 y - a wand of flame (29/48)
Scrolls
 f - a scroll of enchant armour
 h - 4 scrolls of magic mapping
 k - a scroll of acquirement {unknown}
 l - 3 scrolls of recharging
 n - a scroll of amnesia
 t - a scroll of fear
 w - a scroll of enchant weapon
Potions
 g - 4 potions of lignification
 o - 3 potions of flight
 q - 5 potions of curing
 r - 3 potions of agility
 s - 2 potions of might
 B - 2 potions of ambrosia
 C - 2 potions of resistance
 D - a potion of heal wounds
 F - 3 potions of haste
Comestibles
 c - 4 bread rations
 i - 2 beef jerkies
 j - 3 meat rations
 m - 5 royal jellies
 z - 4 fruits
 A - 8 slices of pizza


   Skills:
 * Level 12.6 Fighting
 + Level 8.1 Long Blades
 + Level 7.9 Armour
 + Level 6.1 Dodging
 * Level 12.6 Invocations


You had 10 spell levels left.
You didn't know any spells.

Dungeon Overview and Level Annotations

Branches:
Dungeon (12/15)            Temple (1/1) D:4            Lair (0/6) D:8
    Orc (0/2) D:9

Altars:
Ashenzari
Cheibriados
Dithmenos
Elyvilon
Fedhas
Gozag
Hepliaklqana
Kikubaaqudgha
Makhleb
Nemelex Xobeh
Okawaru
Qazlal
Ru
Sif Muna
Trog
Uskayaw
Vehumet
Xom
Yredelemnul
Zin
The Shining One

Shops:
D:4 ?:   D:11 ?

Portals:
Ossuary: D:8

Annotations:
D:8 corrupted
D:11 corrupted
Abyss:1 Erica, Pikel, Psyche


Innate Abilities, Weirdness & Mutations

You tend to lose your temper in combat.
Scrolls take you a little longer to read.
You are frail. (-10% HP)


Message History

The centaur warrior zombie is lightly damaged.
The centaur warrior zombie hits you but does no damage.
The yak gores you but does no damage. The wraith barely misses you.
You slash the centaur warrior zombie!
The centaur warrior zombie is lightly damaged.
The centaur warrior zombie closely misses you.
The wraith closely misses you.
You riposte.
You slash the wraith!
The wraith is heavily damaged.
You hit the centaur warrior zombie.
The centaur warrior zombie is lightly damaged.
The centaur warrior zombie misses you. The yak gores you!
* * * LOW HITPOINT WARNING * * *
The yak gores you.
* * * LOW HITPOINT WARNING * * *
The centaur warrior zombie completely misses you.
You riposte.
You hit the centaur warrior zombie but do no damage.
The centaur warrior zombie is lightly damaged.
You feel better. The wraith hits you!
You die...

#....# #....# #........
#....# #........ #..###
#........ #..#######
#........ .........#
#...... .........# #....
.........# #Z.# ...#######
#@Y###### ...##....#
#YW.....# ...##....#
#........
.........#.....#..###### ..
.........#.....#..##...##..
.........#....>#...........
+####....#.....#...........
. ####'#.....#...........
.. #Y...#.....#...........


You could see 2 yaks, a wraith and a centaur warrior zombie.

Vanquished Creatures
  The ghost of Thrax the Cleaver, a novice GrFi of Okawaru (D:9)
  3 hill giants
  2 gargoyles
  A centaur skeleton (D:10)
  4 trolls
  A two-headed ogre (D:9)
  A hornet (D:12)
  A hippogriff (D:11)
  A shadow (D:12)
  11 yaks
  A hungry ghost (D:11)
  4 hogs (D:7)
  A steam dragon (D:11)
  A human (D:7)
  A water moccasin (D:6)
  A sky beast (D:10)
  2 ice beasts
  The ghost of FireInc the Slasher, an amateur NaFi (D:3)
  3 ogres
  2 orc warriors (D:6)
  A black bear (D:11)
  4 centaurs
  6 bullfrogs
  5 big kobolds
  A wyvern skeleton (D:12)
  2 scorpions
  12 killer bees (D:10)
  3 wights (D:7)
  A centaur zombie (D:11)
  2 jellies
  A quasit (D:9)
  A bullfrog zombie (D:5)
  4 hounds
  Crazy Yiuf (D:2)
  9 orc priests
  A bullfrog skeleton (D:9)
  11 orc wizards
  Ijyb (D:2)
  4 iguanas
  8 worker ants
  A hound skeleton (D:10)
  A worker ant zombie (D:5)
  17 adders
  7 gnolls
  A howler monkey skeleton (D:4)
  6 river rats (Sewer)
  3 shadow imps
  5 oozes
  2 adder skeletons
  A worm (D:3)
  2 dart slugs (D:2)
  5 leopard geckos
  37 orcs
  6 giant cockroaches
  4 goblins
  12 hobgoblins
  20 jackals
  3 quokkas
  5 ball pythons
  8 bats
  2 frilled lizards
  37 kobolds
  A leopard gecko skeleton (D:5)
  A quokka skeleton (D:7)
  26 rats
334 creatures vanquished.

Vanquished Creatures (others)
  A hydra (D:12)
  2 manticores
  An elephant (D:8)
  A troll (D:8)
  A hornet (D:11)
  2 shadows (D:11)
  A wyvern (D:8)
  A yak (D:8)
  An ice beast (D:8)
  2 phantoms (D:8)
  A slave (D:5)
  A crocodile (D:8)
  10 centaurs (D:11)
  A big kobold (D:8)
  A bullfrog (D:8)
  A gnoll sergeant (D:8)
  A howler monkey (D:11)
  3 hounds
  2 jellies
  2 iguanas (D:8)
  A worker ant (D:8)
  A killer bee zombie (D:8)
  A hound zombie (D:11)
  A hound skeleton (D:8)
  6 gnolls (D:8)
  3 adders
  A giant cockroach (D:8)
  A quokka (D:8)
  2 kobolds (D:8)
  2 fungi (D:8)
55 creatures vanquished.

Grand Total: 389 creatures vanquished

Notes
Turn   | Place    | Note
-------+----------+-------------------------------------------
     0 | Abyss:1  | pandaman124 the Hill Orc Abyssal Knight began the quest for the Orb.
     0 | Abyss:1  | Reached XP level 1. HP: 19/19 MP: 2/2
    45 | Abyss:1  | Noticed an iron imp
    46 | D:1      | Escaped the Abyss
   183 | D:1      | Reached * piety under Lugonu
   220 | D:1      | Reached XP level 2. HP: 27/27 MP: 3/3
   772 | D:1      | Reached XP level 3. HP: 19/33 MP: 3/5
  1294 | D:2      | Reached ** piety under Lugonu
  1302 | D:2      | Found a bloodstained altar of Trog.
  1464 | D:2      | Reached XP level 4. HP: 41/41 MP: 6/6
  1481 | D:2      | Reached skill level 1 in Dodging
  1695 | D:2      | Found a white marble altar of Elyvilon.
  1876 | D:2      | Noticed Ijyb
  1887 | D:2      | Killed Ijyb
  1887 | D:2      | Reached skill level 5 in Fighting
  1887 | D:2      | Reached XP level 5. HP: 45/48 MP: 5/8
  2190 | D:2      | Found a runed door.
  2197 | D:2      | Noticed Crazy Yiuf
  2208 | D:2      | Killed Crazy Yiuf
  2629 | D:3      | Found a glowing drain.
  2682 | Sewer    | Entered a sewer
  2738 | Sewer    | Noticed a big kobold
  2745 | Sewer    | Killed a big kobold
  2745 | Sewer    | Reached XP level 6. HP: 42/56 MP: 4/9
  2888 | Sewer    | Reached *** piety under Lugonu
  2931 | Sewer    | Reached skill level 5 in Invocations
  3692 | D:3      | Noticed FireInc's ghost (amateur NaFi)
  3710 | D:3      | Killed FireInc's ghost
  3710 | D:3      | Reached XP level 7. HP: 26/63 MP: 5/11
  3973 | D:3      | Reached **** piety under Lugonu
  4082 | D:3      | Found a sparkling altar of Nemelex Xobeh.
  4465 | D:4      | Found a staircase to the Ecumenical Temple.
  4475 | Temple   | Entered the Ecumenical Temple
  4762 | D:4      | Found Nenat's Magic Scroll Boutique.
  5372 | D:4      | Found Faagg's Book Shoppe.
  5413 | D:4      | Reached XP level 8. HP: 21/71 MP: 3/12
  5755 | D:5      | Entered Level 5 of the Dungeon
  6137 | D:5      | Noticed Pikel
  6152 | D:5      | Banished Pikel
  6260 | D:5      | Found a hide-covered altar of Uskayaw.
  7118 | D:6      | Reached skill level 5 in Long Blades
  7118 | D:6      | Reached XP level 9. HP: 64/82 MP: 2/15
  7913 | D:6      | Reached skill level 5 in Armour
  8011 | D:6      | Found an opulent altar of Gozag.
  8437 | D:7      | Reached ***** piety under Lugonu
  8690 | D:7      | Gained mutation: Scrolls take you a little longer to read. [potion of mutation]
  8690 | D:7      | Gained mutation: You tend to lose your temper in combat. [potion of mutation]
  8690 | D:7      | Gained mutation: You are frail. (-10% HP) [potion of mutation]
  9158 | D:7      | Reached XP level 10. HP: 14/82 MP: 1/17
  9488 | D:7      | Reached skill level 10 in Invocations
  9537 | D:7      | Reached skill level 10 in Fighting
  9609 | D:8      | Noticed an elephant
  9612 | D:8      | Found a staircase to the Lair.
  9630 | D:8      | Corrupted D:8
  9630 | D:8      | Noticed a guardian serpent
  9630 | D:8      | Noticed a large abomination
  9630 | D:8      | Noticed a worldbinder
  9632 | D:8      | Noticed a vault sentinel
  9633 | D:8      | Noticed a starcursed mass
  9636 | D:8      | Noticed a starcursed mass
  9636 | D:8      | Noticed an apocalypse crab
  9639 | D:8      | Killed an elephant
  9664 | D:8      | Noticed a worldbinder
  9664 | D:8      | Noticed a spiny frog
  9991 | D:8      | Found a sand-covered staircase.
 10238 | D:9      | Noticed Thrax's ghost (novice GrFi)
 10274 | D:9      | Killed Thrax's ghost
 10738 | D:9      | Noticed Erica
 10746 | D:9      | Noticed Psyche
 10749 | D:9      | Banished Psyche
 10750 | D:9      | Banished Erica
 11222 | D:9      | Found a staircase to the Orcish Mines.
 11349 | D:9      | Reached skill level 5 in Dodging
 11848 | D:10     | Entered Level 10 of the Dungeon
 11875 | D:10     | Reached XP level 11. HP: 78/91 MP: 19/19
 12303 | D:10     | Found a glowing golden altar of the Shining One.
 13084 | D:11     | Found Ynin's Magic Scroll Emporium.
 13358 | D:11     | Corrupted D:11
 13358 | D:11     | Noticed a spatial maelstrom
 13358 | D:11     | Noticed a starcursed mass
 13359 | D:11     | Noticed a lich
 13361 | D:11     | Noticed a thrashing horror
 13361 | D:11     | Noticed a large abomination
 13362 | D:11     | Noticed a cacodemon
 13367 | D:11     | Noticed a thrashing horror
 13377 | D:11     | Noticed a starcursed mass
 13384 | D:11     | Noticed a starcursed mass
 13396 | D:11     | Noticed a hill giant
 13397 | D:11     | Noticed a manticore
 13399 | D:11     | Killed a manticore
 13414 | D:11     | Killed a hill giant
 13679 | D:11     | Bought a scroll of identify for 20 gold pieces
 13679 | D:11     | Bought a scroll of identify for 20 gold pieces
 13965 | D:11     | Paralysed by a hornet for 1 turns
 14889 | D:11     | Noticed a hill giant
 14899 | D:11     | Killed a hill giant
 15210 | D:12     | Noticed a manticore
 15218 | D:12     | Banished a manticore
 15637 | D:12     | Noticed a hill giant
 15640 | D:12     | Noticed a five-headed hydra
 15647 | D:12     | Banished a five-headed hydra
 15657 | D:12     | Killed a hill giant
 16125 | D:12     | Paralysed by a hornet for 2 turns
 16586 | D:12     | HP: 3/94 [yak (5)]
 16620 | D:12     | HP: 2/94 [yak (5)]
 16621 | D:12     | Slain by a wraith

Skill      XL: |  1  2  3  4  5  6  7  8  9 10 11 |
---------------+----------------------------------+-----
Fighting       | 4 5 6 8 9 11 12 | 12.6
Invocations    | 3 4 5 6 8 9 11 12 | 12.6
Dodging        | 1 2 3 4 5 6 |  6.1
Long Blades    | 3 4 5 6 7 8 |  8.1
Armour         | 3 4 5 6 7 |  7.9

Action                   |  1- 3 |  4- 6 |  7- 9 | 10-12 || total
-------------------------+-------+-------+-------+-------++-------
Melee: Falchion          |    77 |   186 |   529 |   626 ||  1418
Invok: Depart the Abyss  |     1 |       |       |       ||     1
       Bend Space        |       |       |     1 |       ||     1
       Banish            |       |       |     2 |     8 ||    10
       Corrupt           |       |       |       |     2 ||     2
Evoke: Wand              |       |       |       |     4 ||     4
  Use: Scroll            |     3 |     7 |    12 |     6 ||    28
       Potion            |       |       |    11 |     4 ||    15
 Stab: Distracted        |       |       |       |     1 ||     1
       Paralysed         |       |       |       |     1 ||     1
  Eat: Chunk             |     2 |     7 |    19 |    10 ||    38
       Bread ration      |       |       |       |     3 ||     3
       Meat ration       |       |       |       |     1 ||     1
       Pizza             |       |       |       |     1 ||     1
Armor: Leather armour    |    50 |    19 |       |       ||    69
       Scale mail        |       |    49 |    17 |       ||    66
       Ring mail         |       |       |    82 |   201 ||   283
       Plate armour      |       |       |   108 |    28 ||   136
Dodge: Dodged            |    83 |   182 |   436 |   601 ||  1302
       Rpst.: Falchion   |    27 |    60 |   130 |   158 ||   375
